 Seeded DCSS version 0.30-a0-870-gc5d4c5acee (webtiles) character file.

Game seed: 9908990106765037600 (custom seed)

287 tkbsonic5 the Conjurer (level 6, -1/41 HPs)
             Began as an Octopode Reaver on Mar 11, 2023.
             Slain by a hound (6 damage)
             ... on level 3 of the Dungeon.
             The game lasted 00:11:54 (3517 turns).

tkbsonic5 the Conjurer (Octopode Reaver)            Turns: 3517, Time: 00:11:55

Health: -1/41      AC:  1    Str:  9 (11) XL:     6   Next: 30%
Magic:  5/10       EV: 13    Int: 14 (17) God:
Gold:   223        SH:  0    Dex: 10 (11) Spells: 1/10 levels left

rFire   . . .      SeeInvis .    b - +2 bardiche (protect)
rCold   . . .      Faith    .    (shield currently unavailable)
rNeg    . . .      Spirit   .    (helmet restricted)
rPois   .          Reflect  .    (no amulet)
rElec   .          Rampage  .    (no ring)
rCorr   .                        (no ring)
Will    .....                    (no ring)
Stlth   +++                      (no ring)
HPRegen 0.26/turn                (no ring)
MPRegen 0.12/turn                (no ring)
                                 (no ring)
                                 (no ring)

@: lethally poisoned (-1 -> -2), hasted, very quick
A: almost no armour, amphibious, 8 rings, camouflage 1, gelatinous body 1,
(nimble swimmer 1), tentacles
a: no special abilities


You were on level 3 of the Dungeon.
You visited 1 branch of the dungeon, and saw 4 of its levels.

You collected 223 gold pieces.

Inventory:

Hand Weapons
 a - a +0 spear
 b - a +2 bardiche of protection (weapon)
 f - a +4 spear
Missiles
 g - 7 boomerangs
Magical Staves
 n - a staff of conjuration
Jewellery
 d - an amulet of faith
Wands
 l - a wand of flame (8) (quivered)
Scrolls
 c - a scroll of fog
 e - a scroll of fear {unknown}
Potions
 k - 2 potions of flight


   Skills:
 * Level 2.6 Fighting
 * Level 3.6 Polearms
 - Level 2.4 Dodging
 * Level 2.8 Stealth
 * Level 2.7 Spellcasting
 * Level 3.7 Conjurations
 + Level 1.2 Necromancy
 * Level 1.4 Translocations
 * Level 1.0 Fire Magic
 * Level 1.5 Ice Magic
 + Level 0.5 Air Magic


You had one spell level left.
You knew the following spells:

 Your Spells              Type           Power      Damage    Failure   Level
a - Kiss of Death         Conj/Necr      32%        2d7       8%          1
b - Momentum Strike       Conj/Tloc      18%        3d8       12%         2
c - Hailstorm             Conj/Ice       9%         3d4       22%         3
d - Kindle Blastsparks    Fire/Tloc/Air  8%         2d10      41%         3

Your spell library contained the following spells:

 Spells                   Type           Power      Damage    Failure   Level
 Inner Flame              Hex/Fire       3%         N/A       47%         3
 Ignite Poison            Fire/Tmut/Pois 2%         N/A       50%         3
 Animate Dead             Necr           5%         N/A       80%         4
 Cause Fear               Hex            0%         N/A       91%         4
 Borgnjor's Vile Clutch   Necr/Erth      1%         N/A       99%         5
 Discord                  Hex            0%         N/A       100%        8


Dungeon Overview and Level Annotations

Branches:
Dungeon (4/15)
 Temple: D:4-7

Altars:
Cheibriados


Innate Abilities, Weirdness & Mutations

You cannot wear most types of armour.
You are amphibious.
You can wear up to eight rings at the same time.
Your skin changes colour to match your surroundings (Stealth+).
Your rubbery body absorbs attacks. (AC +1, EV +1)
((You are camouflaged when in or above water. (Stealth+)))
You have tentacles for arms and can constrict up to eight enemies at once.


Message History

The scorpion is almost dead.
The puff of flame hits the scorpion.
You kill the scorpion!
Your Fire Magic skill increases to level 1!
You reach to attack!
You closely miss the hound. The hound misses you. Something hits you.
You closely miss the hound. Your grab misses the hound.
You are no longer robbed of momentum.
The hound closely misses you. The adder bites you.
You are poisoned.
The adder poisons you! The hound bites you. The adder closely misses you.
Something hits you. The hound closely misses you. The adder bites you.
You are more poisoned.
The adder poisons you!
You feel sick. Something hits you but does no damage.
The hound closely misses you. The adder misses you.
You climb upwards.
Reactivating autopickup.
You feel sick.
There is a stone staircase leading down here.
Okay, then.
Okay, then.
It was a potion of degeneration.
There was something very wrong with that liquid.
You feel weakened.
You feel dopey.
You feel clumsy.
You feel sick. The hound bites you. Something hits you.
Deactivating autopickup; reactivate with Ctrl-A.
The adder bites you.
* * * LOW HITPOINT WARNING * * *
The hound barely misses you.
Okay, then.
Okay, then.
It was a potion of haste.
You feel yourself speed up.
You feel sick. The adder bites you.
* * * LOW HITPOINT WARNING * * *
Something hits you.
* * * LOW HITPOINT WARNING * * *
The hound barely misses you. The adder barely misses you.
You feel sick. The hound bites you.
You die...

### ####### ###
#.#####.#...#######.#
#...................#
#.########..#######.# #<#
#...........#.# #######.#
#.##..#.....#.# #.......#
#.##S.#....##.#######
#.###########.##>{#.....#........
#.#........##.##@h#.##..####..###
#.#........#.#.#.#.#.#.#.#.#.#.#.
#.#.........#.#.#.#.#.#.#.#.#.#.#
#.#........#.#.#.#.#.#.#.#.#.#.#.
#.#.......?.#.#.#.♣♣♣♣♣.#.#.#.#.#
#.#.######.#.#.#.♣♣P♣P♣♣.#.#.#.#.
..#)# #..#.#.#♣PPP.....#.#.#.#
###.# #.#.#.#.♣♣.P[♣♣.#.#.#.#.
###.## #..#.#.#.♣♣♣♣♣.#.#.#.#.#


You could see a hound and an adder.

Vanquished Creatures
  A scorpion (D:4)
  Jessica (D:3)
  Terence (D:2)
  3 gnolls (D:4)
  6 adders
  A worm (D:2)
  A dart slug (D:1)
  9 orcs
  4 ball pythons
  9 bats
  9 endoplasms
  3 giant cockroaches
  9 goblins
  10 hobgoblins
  2 jackals (D:1)
  5 kobolds
  A quokka (D:1)
  5 frilled lizards
  2 rats
82 creatures vanquished.

Notes
Turn   | Place    | Note
-------+----------+-------------------------------------------
     0 | D:1      | tkbsonic5 the Octopode Reaver began the quest for the Orb.
     0 | D:1      | Reached XP level 1. HP: 14/14 MP: 3/3
   169 | D:1      | Reached XP level 2. HP: 19/19 MP: 5/5
   172 | D:1      | Reached skill level 1 in Stealth
   292 | D:1      | Learned a level 2 spell: Momentum Strike
   337 | D:1      | Reached XP level 3. HP: 17/21 MP: 3/6
   718 | D:1      | Learned a level 3 spell: Hailstorm
   983 | D:2      | Noticed Terence
   993 | D:2      | Killed Terence
   994 | D:2      | Reached XP level 4. HP: 17/27 MP: 1/7
  1378 | D:2      | Found a faded altar of an unknown god.
  1537 | D:2      | Reached skill level 1 in Ice Magic
  2255 | D:3      | Reached XP level 5. HP: 24/35 MP: 5/8
  2414 | D:3      | Identified 2 scrolls of acquirement
  2416 | D:3      | Acquired Zuomeacu's Anthology of Ghoulish Lava
  2418 | D:3      | Acquired a +2 bardiche of protection
  2430 | D:3      | Learned a level 3 spell: Kindle Blastsparks
  2473 | D:3      | Found a snail-covered altar of Cheibriados.
  2595 | D:3      | Noticed Jessica
  2596 | D:3      | Killed Jessica
  2597 | D:3      | Reached skill level 1 in Translocations
  3127 | D:3      | Reached skill level 1 in Necromancy
  3269 | D:4      | Noticed a phantom
  3507 | D:4      | Reached XP level 6. HP: 41/41 MP: 4/10
  3511 | D:4      | Reached skill level 1 in Fire Magic
  3517 | D:3      | Slain by a hound

Illustrated notes

Levels and vault maps discovered:
D:1:      giann_bridges, layout_loops_corners, serial_glass, glass_columns_a,
          glass_columns_b, minmay_pentomino_w4
D:2:      layout_rooms, serial_co_window_serial, co_window_of_opportunity_a,
          co_window_paths_a, co_window_of_opportunity_a, co_window_cross_1,
          co_window_paths_a, co_window_broadway_a, co_window_paths_c,
          co_window_broadway_a, co_window_4corner_b, glass_columns_a,
          hellmonk_ecumenical_altar_blasted, uniq_terence
D:3:      layout_basic, mainiacjoe_overflow_surrounded_room, serial_forest,
          infiniplex_forest_zigzag_2, infiniplex_forest_end_1,
          infiniplex_forest_corner_2, infiniplex_forest_end_2,
          infiniplex_forest_lined_1, infiniplex_forest_clump_curved,
          infiniplex_forest_lined_room_3, infiniplex_forest_clump_curved,
          infiniplex_forest_fountain, guppyfry_early_orc_mine, uniq_jessica
D:4:      layout_cave_pools

Skill      XL: |  1  2  3  4  5  6 |
---------------+-------------------+-----
Stealth        | 1 2 |  2.8
Ice Magic      | 1 |  1.5
Translocations | 1 |  1.4
Necromancy     | 1 |  1.2
Fire Magic     | 1 |  1.0
Fighting       | |  2.6
Polearms       | |  3.6
Dodging        | |  2.4
Spellcasting   | |  2.7
Conjurations   | |  3.7
Air Magic      | |  0.5

Action                     |  1- 3 |  4- 6 || total
---------------------------+-------+-------++-------
  Melee: Spear             |    65 |    45 ||   110
         Constrict         |    11 |    12 ||    23
         Tentacles         |    10 |     8 ||    18
         Bardiche          |       |    23 ||    23
         Punch             |       |     1 ||     1
   Cast: Kiss of Death     |     3 |       ||     3
         Momentum Strike   |     3 |    26 ||    29
         Hailstorm         |     1 |     1 ||     2
  Evoke: Wand              |       |     9 ||     9
    Use: Scroll            |     5 |     8 ||    13
         Potion            |       |     2 ||     2
   Stab: Sleeping          |     5 |     7 ||    12
 Armour: Skin              |     8 |     4 ||    12
  Dodge: Dodged            |    30 |    33 ||    63

Table legend: (Time is in decaauts)
 A = Elapsed time spent in this place.
 B = Non-inter-level travel time spent in this place.
 C = Inter-level travel time spent in this place.
 D = Time resting spent in this place.
 E = Time spent auto-exploring this place.
 F = Levels seen in this place.
 G = Mean time per level.
                   A        B        C        D        E       F      G
               +--------+--------+--------+--------+--------+-----+--------+
         Total |   3526 |   3462 |     64 |      0 |   2874 |   4 |  881.5 |
       Dungeon |   3526 |   3462 |     64 |      0 |   2874 |   4 |  881.5 |
               +--------+--------+--------+--------+--------+-----+--------+

Top non-repeatable levels by time:
     D:3: 1226 daAuts
     D:2: 1079 daAuts
     D:1: 967 daAuts
     D:4: 252 daAuts
